 Dungeon Crawl Stone Soup version 0.24.0-37-gcf1ca852f1 (webtiles) character file.

Game seed: 1950806971659033430, levelgen mode: deterministic

277 Gruesph the Cutter (level 6, 0/64 HPs)
             Began as a Halfling Berserker on Nov 25, 2019.
             Was a Believer of Trog.
             Slain by an orc
             ... wielding a +0 mace
              (2 damage)
             ... on level 3 of the Dungeon.
             The game lasted 00:10:58 (3483 turns).

Gruesph the Cutter (Halfling Berserker)             Turns: 3483, Time: 00:10:59

Health: 0/64       AC: 10    Str: 25    XL:     6   Next: 50%
Magic:  6/6        EV: 11    Int:  5    God:    Trog [**....]
Gold:   66         SH:  0    Dex: 14    Spells: 5/5 levels left

rFire    . . .     SeeInvis .   a - +0 short sword
rCold    . . .     Gourm    .   (shield restricted)
rNeg     . . .     Faith    .   m - +0 chain mail
rPois    .         Spirit   .   (no helmet)
rElec    .         Reflect  .   (no cloak)
rCorr    .         Harm     .   e - +1 pair of gloves
MR       .....                  (no boots)
Stlth    ..........             (no amulet)
HPRegen  0.20/turn              (no ring)
MPRegen  0.10/turn              (no ring)

@: berserking, very quick
A: small, mutation resistance 1
a: Berserk, Trog's Hand, Renounce Religion


You were on level 3 of the Dungeon.
You worshipped Trog.
Trog was pleased with you.
You were very hungry.

You visited 1 branch of the dungeon, and saw 4 of its levels.

You collected 66 gold pieces.

Inventory:

Hand Weapons
 a - a +0 short sword (weapon)
 b - a +0 hunting sling
Missiles
 c - 140 stones
 n - 2 throwing nets (quivered)
Armour
 e - a +1 pair of gloves (worn)
 m - a +0 chain mail (worn)
Scrolls
 h - a scroll of amnesia {unknown}
 k - a scroll of remove curse {unknown}
Potions
 d - a potion of agility {unknown}
 i - a potion of flight {unknown}
 j - a potion of lignification {unknown}
 l - a potion of resistance {unknown}
 o - 2 potions of cancellation {unknown}
 p - a potion of mutation {unknown}
Comestibles
 f - 3 rations
 g - 14 chunks of flesh


   Skills:
 + Level 4.0 Fighting
 - Level 5.9 Short Blades
 * Level 4.5 Slings
 - Level 2.1 Armour
 - Level 2.1 Dodging


You had 5 spell levels left.
You didn't know any spells.
Your spell library was empty.

Dungeon Overview and Level Annotations

Branches:
Dungeon (4/15)
 Temple: D:4-7

Altars:


Innate Abilities, Weirdness & Mutations

You are small and have problems with some larger weapons.
You are somewhat resistant to further mutation.


Message History

You puncture the orc priest!
You kill the orc priest!
Trog accepts your kill.
Your Slings skill increases to level 4!
The orc wizard hits you but does no damage.
The orc barely misses you.
You closely miss the orc wizard. You puncture the orc wizard!
The orc wizard is heavily wounded.
The orc wizard hits you with a +0 dagger.
* * * LOW HITPOINT WARNING * * *
The orc hits you with a +0 mace.
* * * LOW HITPOINT WARNING * * *
You puncture the orc wizard!
You kill the orc wizard!
Trog accepts your kill.
Trog appreciates your killing of a magic user.
Your Fighting skill increases to level 4!
You closely miss the orc. The orc hits you with a +0 mace.
You die...

................
..##...#....###
.###...#....#
.###..##...รท######
......###........#
.....## #...#....#
...### #...#....# .####
##..##[).# ....####
#..####@#
.......####.....)o...#
.........###....!.(....#
..........####..(..((###
.###)####..# ####.(..#
.# #...##..## ###.# .#
#....#...# .# .#
#....#...# # ..
#........##


You could see an orc.

Vanquished Creatures
  An orc wizard (D:3)
  A bullfrog skeleton (D:4)
  2 orc priests
  Terence (D:2)
  2 adders (D:2)
  4 gnolls (D:2)
  3 worms
  A dart slug (D:1)
  2 leopard geckos
  5 orcs
  A ball python (D:3)
  A giant cockroach (D:3)
  8 goblins
  5 hobgoblins
  3 quokkas
  5 bats
  6 frilled lizards
  A jackal skeleton (D:4)
  7 kobolds
  12 rats
71 creatures vanquished.

Notes
Turn   | Place    | Note
-------+----------+-------------------------------------------
     0 | D:1      | Gruesph the Halfling Berserker began the quest for the Orb.
     0 | D:1      | Reached XP level 1. HP: 15/15 MP: 1/1
   260 | D:1      | Reached skill level 4 in Short Blades
   280 | D:1      | Reached XP level 2. HP: 20/20 MP: 2/2
   786 | D:1      | Reached XP level 3. HP: 22/26 MP: 3/3
  1726 | D:2      | Reached skill level 5 in Short Blades
  1730 | D:2      | Reached XP level 4. HP: 20/31 MP: 4/4
  1740 | D:2      | Reached ** piety under Trog
  2194 | D:2      | Reached XP level 5. HP: 23/36 MP: 5/5
  2440 | D:2      | You fall into a shaft and drop 2 floors!
  2903 | D:2      | Noticed Terence
  2932 | D:2      | Killed Terence
  2979 | D:2      | Reached XP level 6. HP: 43/43 MP: 6/6
  3481 | D:3      | HP: 3/64 [orc wizard/+0 dagger (2)]
  3483 | D:3      | Slain by an orc

Levels and vault maps discovered:
D:1:      evilmike_arrival_hilbert_curve, layout_basic
D:2:      layout_basic, uniq_terence
D:3:      minmay_recursive_quarters, layout_basic, minmay_liquid_box,
          minmay_misc_feat_alley
D:4:      layout_loops_ring, nicolae_overflow_hidden_temple, uniq_eustachio,
          uniq_menkaure

Skill      XL: |  1  2  3  4  5  6 |
---------------+-------------------+-----
Short Blades   | 4 5 |  5.9
Fighting       | 3 4 |  4.0
Slings         | 2 3 4 |  4.5
Armour         | |  2.1
Dodging        | |  2.1

Action                   |  1- 3 |  4- 6 || total
-------------------------+-------+-------++-------
Melee: Short sword       |    87 |    91 ||   178
 Fire: Hunting sling     |       |    97 ||    97
Invok: Berserk           |     2 |     2 ||     4
 Stab: Sleeping          |     4 |       ||     4
  Eat: Ration            |     1 |       ||     1
       Chunk             |       |     7 ||     7
Armor: Animal skin       |     3 |       ||     3
       Ring mail         |     6 |    19 ||    25
       Chain mail        |       |     8 ||     8
Dodge: Dodged            |    47 |    55 ||   102
